 Dungeon Crawl Stone Soup version 0.28.0-53-g5a82cb258f (webtiles) character file.

Game seed: 14308408030278528677

670 NoAnimeNoLife the Vandal (level 7, -5/41 HPs)
             Began as an Octopode Conjurer on June 3, 2022.
             Was a Follower of Zin.
             Shot with an arrow by a centaur (8 damage)
             ... on level 5 of the Dungeon.
             The game lasted 00:08:15 (4711 turns).

NoAnimeNoLife the Vandal (Octopode Conjurer)        Turns: 4711, Time: 00:08:15

Health: -5/41      AC:  1    Str: 12    XL:     7   Next: 58%
Magic:  11/11      EV: 13    Int: 27    God:    Zin [*.....]
Gold:   132        SH:  0    Dex: 11    Spells: 6/12 levels left

rFire   . . .      SeeInvis +   j - +10 hunting sling of the Orcish Mines {flame, Int+5 SInv}
rCold   . . .      Faith    .   (no shield)
rNeg    . . .      Spirit   .   (helmet restricted)
rPois   .          Reflect  .   (no amulet)
rElec   .          Harm     .   e - ring of see invisible
rCorr   .          Rampage  .   f - +6 ring of strength
Will    .....                   (no ring)
Stlth   +++.......              (no ring)
HPRegen 0.13/turn               (no ring)
MPRegen 0.12/turn               (no ring)
                                (no ring)
                                (no ring)

@: marked
A: almost no armour, amphibious, 8 rings, camouflage 1, gelatinous body 1,
(nimble swimmer 1), tentacles
a: Renounce Religion, Recite, Donate Gold


You were on level 5 of the Dungeon.
You worshipped Zin.
Zin was aware of your devotion.
You visited 1 branch of the dungeon, and saw 5 of its levels.

You collected 188 gold pieces.
You spent 42 gold pieces at shops.
You donated 14 gold pieces to Zin.

Inventory:

Hand Weapons
 c - a +3 whip
 j - the +10 hunting sling of the Orcish Mines (weapon) {flame, Int+5 SInv}
   (You found it on level 3 of the Dungeon)

   Any ammunition fired from it burns those it strikes, dealing additional fire
   damage.
   Int:       It affects your intelligence (+5).
   SInv:      It lets you see invisible.
Missiles
 a - 226 stones (quivered ammo)
Jewellery
 e - a ring of see invisible (left tentacle)
 f - a +6 ring of strength (right tentacle)
Wands
 d - a wand of mindburst (13)
 o - a wand of iceblast (11)
Scrolls
 b - a scroll of enchant armour
 g - a scroll of noise
 k - a scroll of torment {unknown}
 n - 3 scrolls of blinking {unknown}
 p - 3 scrolls of teleportation {unknown}
Potions
 h - 2 potions of might {unknown}
 i - a potion of curing {unknown}
 l - a potion of attraction {unknown}
 m - a potion of heal wounds {unknown}
 q - a potion of haste {unknown}


   Skills:
 + Level 5.9 Slings
 - Level 2.1 Dodging
 - Level 2.8 Stealth
 - Level 3.2 Spellcasting
 - Level 5.8 Conjurations


You had 6 spell levels left.
You knew the following spells:

 Your Spells              Type           Power      Damage    Failure   Level
a - Magic Dart            Conj           100%       1d8       1%          1
b - Searing Ray           Conj           70%        2d7       1%          2
c - Dazzling Flash        Conj/Hex       40%        N/A       8%          3

Your spell library contained the following spells:

 Spells                   Type           Power      Damage    Failure   Level
 Tukima's Dance           Hex            4%         N/A       26%         3
 Fulminant Prism          Conj/Hex       10%        3d9       26%         4
 Iskenderun's Mystic Bla  Conj/Tloc      20%        2d6       26%         4
 Anguish                  Hex/Necr       2%         N/A       65%         4
 Enfeeble                 Hex            2%         N/A       100%        7


Dungeon Overview and Level Annotations

Branches:
Dungeon (5/15)             Temple (0/1) D:5

Altars:
Cheibriados
Fedhas
Nemelex Xobeh
Qazlal
Ru
Uskayaw
Xom
Yredelemnul
Zin
The Shining One

Shops:
D:2 ?

Annotations:
D:2 1 runed translucent door, Crazy Yiuf


Innate Abilities, Weirdness & Mutations

You cannot wear most types of armour.
You are amphibious.
You can wear up to eight rings at the same time.
Your skin changes colour to match your surroundings (Stealth+).
Your rubbery body absorbs attacks. (AC +1, EV +1)
((You are camouflaged when in or above water. (Stealth+)))
You have tentacles for arms and can constrict up to eight enemies at once.


Message History

An orc is nearby!
You shoot a stone. The stone hits the orc!
The stone burns the orc.
You kill the orc!
No target in view!
a - 221 stones (gained 1)
Things that are here:
a +0 trident; an orc corpse
a - 223 stones (gained 2)
Items here: )) [ †.
a - 225 stones (gained 2)
You see here a +0 falchion.
No target in view!
a - 227 stones (gained 2)
Found a ring mail.
Found a stone staircase leading down.
No target in view!
Found a staircase to the Ecumenical Temple.
No target in view!
You pay a tithe of 1 gold.
You now have 121 gold pieces (gained 6).
You pay a tithe of 1 gold.
You now have 132 gold pieces (gained 11).
You shoot a stone.
The stone hits the howler monkey zombie!
The stone burns the howler monkey zombie.
You destroy the howler monkey zombie!
Zin accepts your kill.
No target in view!
A centaur comes into view.
A sourceless malevolence fills the Dungeon...
With a horrendous wail, an alarm goes off!
A sentinel's mark forms upon you.
The centaur shouts!
You hear an angry hiss. x2
The centaur wields a +0 shortbow.
The centaur shoots an arrow.
The arrow hits you!
The centaur shoots an arrow.
The arrow hits you!
The centaur shoots an arrow.
The arrow hits you!
* * * LOW HITPOINT WARNING * * *
The centaur shoots an arrow.
The arrow hits you!
You die...

#.# ## #### #.# ...
..# #.### .... #.#
#...##
.##..##.###.#..####
.c................+
.....##.####...####
..............##
#...##.@.##..##
#.#.##...##..####
...............# #+
#.#....>....###.# #. #
#.........# #># #.
...##...##.# #.# ####.
#...##...##.# #.#
##.#.. #.#.........#
#.# #.....
########.####.####.#..


You could see a centaur.

Vanquished Creatures
  A black bear (D:5)
  A necrophage (D:3)
  A centaur (D:3)
  2 scorpions (D:4)
  A howler monkey (D:5)
  A bullfrog zombie (D:5)
  An orc priest (D:4)
  An orc wizard (D:4)
  A hound skeleton (D:5)
  A howler monkey zombie (D:5)
  4 gnolls (D:2)
  2 adders (D:4)
  2 worms
  4 dart slugs
  16 orcs
  A bat (D:2)
  5 endoplasms
  6 hobgoblins
  3 quokkas
  4 ball pythons
  A frilled lizard (D:2)
  8 goblins
  5 kobolds
  4 rats
76 creatures vanquished.

Notes
Turn   | Place    | Note
-------+----------+-------------------------------------------
     0 | D:1      | NoAnimeNoLife the Octopode Conjurer began the quest for the
                  | Orb.
     0 | D:1      | Reached XP level 1. HP: 11/11 MP: 3/3
   590 | D:1      | Reached XP level 2. HP: 17/17 MP: 5/5
   886 | D:1      | Found a faded altar of an unknown god.
  1386 | D:2      | Learned a level 2 spell: Searing Ray
  1543 | D:2      | Reached XP level 3. HP: 21/21 MP: 4/6
  1743 | D:2      | Reached skill level 5 in Conjurations
  1743 | D:2      | Reached XP level 4. HP: 27/27 MP: 0/8
  2028 | D:2      | Found a runed translucent door.
  2029 | D:2      | Noticed Crazy Yiuf
  2342 | D:2      | Found Sokion's Magic Scroll Shoppe.
  2366 | D:2      | Bought a scroll of identify for 28 gold pieces
  2366 | D:2      | Bought a scroll of noise for 14 gold pieces
  2542 | D:3      | Noticed a necrophage
  2548 | D:3      | Killed a necrophage
  2549 | D:3      | Reached XP level 5. HP: 31/31 MP: 3/9
  2764 | D:3      | Identified the +10 hunting sling of the Orcish Mines
                  | {flame, Int+5 SInv}
  2893 | D:3      | Noticed a centaur
  2896 | D:3      | Killed a centaur
  2897 | D:3      | Reached XP level 6. HP: 36/36 MP: 10/10
  3860 | D:4      | Found a hide-covered altar of Uskayaw.
  3864 | D:4      | Found a glowing silver altar of Zin.
  3904 | D:4      | Found a shimmering altar of Xom.
  3908 | D:4      | Found a blossoming altar of Fedhas.
  3912 | D:4      | Found a glowing golden altar of the Shining One.
  3917 | D:4      | Found a snail-covered altar of Cheibriados.
  3921 | D:4      | Reached XP level 7. HP: 41/41 MP: 11/11
  3921 | D:4      | Found a sacrificial altar of Ru.
  3926 | D:4      | Found a basalt altar of Yredelemnul.
  3929 | D:4      | Found a sparkling altar of Nemelex Xobeh.
  3930 | D:4      | Found a stormy altar of Qazlal.
  4328 | D:4      | Learned a level 3 spell: Dazzling Flash
  4380 | D:4      | Became a worshipper of Zin the Law-Giver
  4380 | D:4      | Reached * piety under Zin
  4402 | D:5      | Entered Level 5 of the Dungeon
  4421 | D:5      | Reached skill level 5 in Slings
  4680 | D:5      | Found a staircase to the Ecumenical Temple.
  4711 | D:5      | Shot with an arrow by a centaur

Illustrated notes

Levels and vault maps discovered:
D:1:      minmay_arrival_shattered_statue, layout_loops_ring,
          hellmonk_ecumenical_altar_zigzags, chequers_serial_rivers_large_a
D:2:      layout_rooms, serial_shops,
          nicolae_shop_temple_entry_statues_fountains, uniq_crazy_yiuf_cottage
D:3:      layout_loops_cross
D:4:      layout_loops_cross, nicolae_overflow_hallway_of_the_gods
D:5:      layout_loops_corners, minmay_temple_entry_stoned_glass,
          minmay_stone_trees_medium

Skill      XL: |  1  2  3  4  5  6  7 |
---------------+----------------------+-----
Conjurations   | 5 |  5.8
Spellcasting   | 3 |  3.2
Slings         | 2 4 5 |  5.9
Dodging        | |  2.1
Stealth        | |  2.8

Action                   |  1- 3 |  4- 6 |  7- 9 || total
-------------------------+-------+-------+-------++-------
Melee: Unarmed           |     6 |     5 |       ||    11
       Constrict         |     2 |     3 |       ||     5
       Tentacles         |     2 |     2 |       ||     4
       Whip              |       |     6 |       ||     6
 Fire: Hunting sling     |       |    42 |    45 ||    87
 Cast: Magic Dart        |    53 |    32 |       ||    85
       Searing Ray       |     2 |     1 |       ||     3
  Use: Scroll            |       |     1 |       ||     1
 Stab: Sleeping          |       |     1 |       ||     1
Armor: Skin              |       |     1 |       ||     1
Dodge: Dodged            |     6 |    12 |     5 ||    23
